 Dungeon Crawl Stone Soup version 0.31-a0-963-ga325b2283a (webtiles) character file.

Game seed: 7875619898347207728

49 Maxmaps the Changeling (level 3, 0/23 HPs)
             Began as an Octopode Shapeshifter on Oct 25, 2023.
             Slain by a quokka (5 damage)
             ... on level 2 of the Dungeon.
             The game lasted 00:01:43 (961 turns).

Maxmaps the Changeling (Octopode Shapeshifter)       Turns: 961, Time: 00:01:43

Health: 0/23       AC:  1    Str: 13    XL:     3   Next: 77%
Magic:  3/3        EV: 13    Int: 14    God:
Gold:   57         SH:  0    Dex: 11    Spells: 2/2 levels left

rFire   . .          .
                       - Unarmed
rCold   + . .        (no shield)
rNeg    . . .        (helmet currently unavailable)
rPois   .            (no amulet)
rElec   .            g - ring of protection from cold
rCorr   .            (no ring)
SInv    .            (no ring)
Will    .....        (no ring)
Stlth   ++           (no ring)
HPRegen 0.23/turn    (no ring)
MPRegen 0.08/turn    (no ring)
                     (no ring)

%: no passive effects
@: beast-form
A: beast (slay +2), almost no armour, amphibious, 8 rings, camouflage 1,
gelatinous body 1, (nimble swimmer 1), tentacles
a: Begin Untransformation


You were on level 2 of the Dungeon.
You were a hulking beast.
You visited 1 branch of the dungeon, and saw 2 of its levels.

You collected 57 gold pieces.

Inventory:

Jewellery
 g - a ring of protection from cold (left tentacle)
Talismans
 b - a beast talisman
 c - a flux talisman
Scrolls
 e - a scroll of fog {unknown}
 f - a scroll of identify {unknown}
 h - a scroll of summoning {unknown}
Potions
 a - a potion of lignification
 d - a potion of cancellation {unknown}


   Skills:
 - Level 1.0 Fighting
 - Level 2.0 Dodging
 - Level 3.0 Unarmed Combat
 + Level 4.4 Shapeshifting


You had 2 spell levels left.
You didn't know any spells.
Your spell library contained the following spells:

 Spells                   Type           Power      Damage    Failure   Level
 Magic Dart               Conj           0%         1d3       28%         1
 Searing Ray              Conj           0%         2d4       41%         2
 Fulminant Prism          Conj/Hex       0%         3d5       96%         4


Dungeon Overview and Level Annotations

Branches:
Dungeon (2/15)

Altars:
Hepliaklqana

Shops:
D:1 *   D:2 *


Innate Abilities, Weirdness & Mutations

You are a hulking beast.
Your limbs bulge with bestial killing power. (Slay +2)
You cannot wear most types of armour.
You are amphibious.
You can wear up to eight rings at the same time.
Your skin changes colour to match your surroundings (Stealth+).
Your rubbery body absorbs attacks. (AC +1, EV +1)
((You are camouflaged when in or above water. (Stealth+)))
You have tentacles for arms and can constrict up to eight enemies at once.


Message History

The gnoll is almost dead.
You constrict the plant.
You constrict the gnoll, but do no damage.
The giant cockroach waves its antennae.
The giant cockroach barely misses you. The gnoll misses you.
You tentacle-slap the giant cockroach but do no damage.
You grab the giant cockroach. You constrict the giant cockroach.
You constrict the plant.
You constrict the gnoll, but do no damage.
The quokka bites the plant.
The giant cockroach barely misses you. The gnoll misses you.
You tentacle-slap the gnoll but do no damage.
The gnoll is almost dead.
You constrict the giant cockroach, but do no damage.
You constrict the plant. You constrict the gnoll.
You kill the gnoll!
The giant cockroach closely misses you.
The quokka bites the plant.
You tentacle-slap the giant cockroach.
You kill the giant cockroach!
You constrict the plant.
A nearby plant withers and dies.
You lose your grip on the plant.
The jackal bites you.
The jackal bites you but does no damage.
You tentacle-slap the jackal.
You kill the jackal!
The quokka barely misses you.
You tentacle-slap the gnoll. You grab the gnoll.
The gnoll is lightly wounded.
You constrict the gnoll. The gnoll closely misses you. The quokka bites you.
* * * LOW HITPOINT WARNING * * *
You tentacle-slap the quokka. You grab the quokka.
The quokka is heavily wounded.
You constrict the gnoll.
You constrict the quokka, but do no damage.
The quokka closely misses you. The gnoll closely misses you.
You tentacle-slap the gnoll. You squeeze the gnoll.
The gnoll is almost dead.
You constrict the gnoll.
You kill the gnoll!
You constrict the quokka. The quokka bites you.
You die...

P. ..P P..♣ ♣.##...###.#
♣..♣..♣♣♣♣ ♣P.##...###.#
P.....P ...##.......#
.P....♣ ♣♣P♣.##..###..#
......♣..P#.##.......#
.P.#..8P.♣.♣#.#...###.##
.......♣.♣.♣♣.#....#<..#
P#...#†.P..♣..#..#.#.#.#
......)h.♣♣.♣.#..#.#.#.#
P.?_?.♣r♣♣P.#.#..#.#.#.#
.........♣♣P....##.#.#.#
.#...#♣.......#.# .#.#.#
P§.. ..♣P♣.P....# .#.#.#
P.. ..P♣P.....# #.#.# ♣.
.. ♣♣P♣.....# #...# ♣.
♣♣♣#.#..# ##### ♣.#...


You could see a quokka.

Vanquished Creatures
  2 gnolls (D:2)
  A worm (D:2)
  2 dart slugs (D:1)
  An endoplasm (D:1)
  A giant cockroach (D:2)
  4 goblins (D:1)
  2 hobgoblins
  A jackal (D:2)
  2 kobolds (D:1)
  6 quokkas
  6 ball pythons
  A frilled lizard (D:2)
  3 rats (D:1)
32 creatures vanquished.

Notes
Turn   | Place    | Note
-------+----------+-------------------------------------------
     0 | D:1      | Maxmaps the Octopode Shapeshifter began the quest for the
                  | Orb.
     0 | D:1      | Reached XP level 1. HP: 13/13 MP: 1/1
     2 | D:1      | Found Uwewac's General Store.
    52 | D:1      | Reached XP level 2. HP: 15/18 MP: 2/2
   365 | D:1      | Reached XP level 3. HP: 17/23 MP: 3/3
   476 | D:1      | Reached skill level 4 in Shapeshifting
   864 | D:2      | Found Kouggigov's Assorted Antiques.
   947 | D:2      | Found a hazy altar of Hepliaklqana.
   961 | D:2      | Slain by a quokka

Illustrated notes

Levels and vault maps discovered:
D:1:      minmay_arrival_arboretum_small, layout_basic, serial_shops, shop,
          minmay_ruptured
D:2:      wad_woods_stonehenge, layout_basic, serial_shops, shop, shop,
          nicolae_shop_window_shopping, shop,
          ebering_ecumenical_altar_sacrificial

Skill      XL: |  1  2  3 |
---------------+----------+-----
Shapeshifting  | 4 |  4.4
Fighting       | |  1.0
Dodging        | |  2.0
Unarmed Combat | |  3.0

Action                     || total
---------------------------++-------
  Melee: Unarmed           ||    62
         Constrict         ||    20
         Tentacles         ||    12
         Punch             ||     3
   Stab: Sleeping          ||     2
 Armour: Skin              ||    23
  Dodge: Dodged            ||    28

Table legend: (Time is in decaauts)
 A = Elapsed time spent in this place.
 B = Non-inter-level travel time spent in this place.
 C = Inter-level travel time spent in this place.
 D = Time resting spent in this place.
 E = Time spent auto-exploring this place.
 F = Levels seen in this place.
 G = Mean time per level.
                   A        B        C        D        E       F      G
               +--------+--------+--------+--------+--------+-----+--------+
         Total |    957 |    932 |     25 |     34 |    744 |   2 |  478.5 |
       Dungeon |    957 |    932 |     25 |     34 |    744 |   2 |  478.5 |
               +--------+--------+--------+--------+--------+-----+--------+

Top non-repeatable levels by time:
     D:1: 735 daAuts
     D:2: 221 daAuts
